AoeStats
← 'Rhythm_' = idiot

Arena

510388331Analyzed
4v4 RM · 1d ago on Sep 30, 2026· 45m 24s· 8 players
Game mode
Random Map
Map size
Large (8 player)
Population
200
Speed
Normal
Resources
Standard
Victory
Conquest
Starting age
Dark Age
Ending age
Imperial Age
RankedLock teamsTeams togetherTeam positionsShared explorationLock speedFull tech treeHidden civsTurbo modeCheats
Victory
Defeat
🇹🇷 Byzantines · Türkiye
1451
+17
🇩🇪 Bulgarians · Germany
1434
+18
🇨🇱 Italians · Chile
1428
+18
🇨🇳 Sicilians · China
1423
+18
🇮🇹 Maya · Italy
1590
-22
🇮🇹 Wu · Italy
1521
-20
🇭🇰 Inca · Hong Kong SAR China
1409
-15
🇸🇪 Portuguese · Sweden
1384
-14
ValerioN__
10:02 Feudal Age
13:39 Castle Age
11:41 Double-Bit Axe
12:05 Horse Collar
14:55 Bow Saw
14:57 Heavy Plow
20:34 Wheelbarrow
23:13 Gold Mining
23:56 Hand Cart
23:48 Stone Mining
28:03 Imperial Age
26:55 Stone Shaft Mining
26:56 Gold Shaft Mining
27:03 Scale Barding Armor
27:09 Forging
27:56 Chain Barding Armor
28:34 Iron Casting
29:09 Conscription
28:50 Elite Cataphract
30:28 Plate Barding Armor
32:05 Logistica
32:05 Husbandry
36:34 Coinage
39:33 Ballistics
40:14 Chemistry
39:05 Fletching
41:18 Two-Man Saw
40:49 Crop Rotation
40:37 Treadmill Crane
40:59 Bodkin Arrow
45:53 Bracer
45:51 Murder Holes
Ficki-T-E
11:17 Feudal Age
12:23 Double-Bit Axe
12:19 Horse Collar
15:17 Castle Age
16:27 Bow Saw
16:42 Heavy Plow
22:10 Loom
23:01 Wheelbarrow
24:20 Gold Mining
27:01 Stone Mining
30:27 Imperial Age
28:39 Gold Shaft Mining
28:39 Scale Barding Armor
28:43 Stirrups
29:10 Forging
29:25 Hand Cart
30:25 Chain Barding Armor
31:00 Iron Casting
30:31 Elite Konnik
31:48 Plate Barding Armor
32:37 Blast Furnace
33:34 Scale Mail Armor
34:28 Chain Mail Armor
34:20 Fletching
35:04 Bloodlines
36:06 Husbandry
36:39 Plate Mail Armor
38:08 Crop Rotation
43:36 Bodkin Arrow
Doctor Simi
10:15 Feudal Age
14:22 Castle Age
12:50 Loom
12:53 Double-Bit Axe
14:52 Town Watch
16:17 Bow Saw
16:36 Fletching
19:57 Bodkin Arrow
23:01 Wheelbarrow
24:00 Ballistics
27:32 Imperial Age
28:08 Fortified Wall
27:57 Gold Mining
29:56 Chemistry
30:17 Two-Man Saw
31:59 Scale Mail Armor
32:09 Forging
32:44 Squires
34:05 Iron Casting
33:45 Chain Mail Armor
36:02 Arson
36:16 Stone Mining
37:38 Plate Mail Armor
40:45 Conscription
40:36 Pirotechnia
40:48 Silk Road
40:50 Bracer
40:32 Treadmill Crane
42:16 Blast Furnace
41:32 Elite Genoese Crossbowman
'Rhythm_' = idiot
10:16 Feudal Age
8:31 Loom
11:48 Double-Bit Axe
14:23 Castle Age
12:25 Horse Collar
13:10 Gold Mining
14:14 Fletching
16:27 Loom
24:07 Wheelbarrow
23:44 Bow Saw
29:04 Imperial Age
27:39 Crossbowman
28:50 Bodkin Arrow
EVA_Rinocherino
11:38 Feudal Age
12:22 Double-Bit Axe
12:46 Horse Collar
15:14 Castle Age
16:12 Bow Saw
17:02 Loom
17:44 Fortified Wall
18:42 Fortified Wall
24:26 Imperial Age
30:05 Chemistry
32:13 Heavy Plow
39:21 Wheelbarrow
38:56 Fletching
Shul
11:22 Feudal Age
15:07 Castle Age
12:56 Double-Bit Axe
12:56 Horse Collar
16:11 Bow Saw
21:39 Heavy Plow
22:36 Wheelbarrow
27:07 Hand Cart
26:55 Gold Mining
27:33 Loom
31:00 Imperial Age
28:45 Scale Mail Armor
28:52 Town Watch
29:05 Man-at-Arms
29:46 Squires
29:32 Arson
30:20 Chain Mail Armor
30:15 Forging
30:44 Gold Shaft Mining
29:50 Long Swordsman
32:05 Iron Casting
31:39 Squires
31:25 Arson
32:11 Plate Mail Armor
31:03 Two-Handed Swordsman
31:24 Pikeman
32:36 Conscription
31:46 Champion
33:42 Blast Furnace
32:59 Fletching
34:06 Scale Barding Armor
33:31 Halberdier
35:38 Bloodlines
35:28 Husbandry
34:49 Heavy Hei Guang Cavalry
34:55 Heavy Hei Guang Cavalry
37:07 Chain Barding Armor
38:33 Plate Barding Armor
40:45 Sitting Tiger
41:17 Stone Mining
belphy
0:29 Loom
10:13 Feudal Age
10:25 Feudal Age
14:24 Castle Age
12:26 Double-Bit Axe
12:53 Horse Collar
14:47 Fletching
15:38 Bodkin Arrow
17:23 Bow Saw
22:54 Wheelbarrow
22:56 Gold Mining
24:25 Hand Cart
30:09 Imperial Age
29:59 Stone Mining
30:50 Ballistics
30:43 Heavy Plow
31:21 Stone Shaft Mining
31:13 Conscription
30:54 Bracer
34:28 Chemistry
33:29 Elite Plumed Archer
34:11 Padded Archer Armor
35:34 Leather Archer Armor
36:48 Coinage
37:25 Two-Man Saw
38:35 Masonry
39:10 Ring Archer Armor
41:14 Architecture
42:26 Thumb Ring
42:32 Murder Holes
The Crusades Crusader
10:10 Feudal Age
14:22 Castle Age
12:56 Double-Bit Axe
13:36 Horse Collar
15:48 Loom
16:53 Bow Saw
17:19 Heavy Plow
20:49 Gold Mining
22:42 Wheelbarrow
21:59 Champi Runner
23:22 Scale Mail Armor
23:36 Squires
23:22 Arson
23:38 Champi Warrior
24:44 Forging
25:42 Chain Mail Armor
26:41 Stone Mining
27:10 Hand Cart
27:43 Iron Casting
27:31 Fletching
28:23 Gold Shaft Mining
28:21 Pikeman
32:18 Imperial Age
29:34 Town Watch
32:55 Gold Shaft Mining
32:55 Stone Shaft Mining
32:13 Fletching
32:23 Padded Archer Armor
32:44 Ballistics
32:23 Elite Champi Warrior
34:04 Blast Furnace
33:38 Plate Mail Armor
33:17 Halberdier
35:29 Blast Furnace
34:41 Bodkin Arrow
36:40 Chemistry
36:33 Crop Rotation
36:31 Town Patrol
36:58 Conscription
37:17 Fabric Shields
37:48 Bracer
37:59 Treadmill Crane
37:44 Elite Kamayuk
40:36 Bracer
41:44 Padded Archer Armor
42:03 Andean Sling
42:41 Thumb Ring
43:01 Leather Archer Armor
45:48 Ring Archer Armor
45:13 Murder Holes
46:04 Siege Engineers
46:13 Masonry
Connection lost

Rejoining the realm…

Still unreachable

The connection could not be restored.

Session expired

The server has moved on; the page needs a fresh start.